Map: Ascension to Aiur LE

Players

Neeb - Winner!

  • Race: Protoss Protoss
  • Spawn Location: 5:00

Serral

  • Race: Zerg Zerg
  • Spawn Location: 11:00

Event: WCS Jonkoping 2017

VOD

Have the link to the VOD?

Description

Time

  • Played on: June 19, 2017, 2:23 p.m.
  • Length: 12:12

All games in this series

Show
View Real Time Build Order
Export as new Build Order

Neeb Protoss - Winner!

Build Orders: Nexus First, Oracle Opening, Zealot Archon 

Get SALT Encoding   

  12  0:00  Probe (Chrono Boost)  
  13  0:11  Probe (Chrono Boost)  
  14  0:17  Pylon  
  14  0:22  Probe (Chrono Boost)  
  16  0:35  Probe (Chrono Boost)  
  16  0:46  Probe (Chrono Boost)  
  17  0:59  Nexus  
  17  1:02  Probe (Chrono Boost)  
  18  1:13  Gateway  
  18  1:16  Probe (Chrono Boost)  
  19  1:20  Assimilator  
  19  1:26  Probe (Chrono Boost)  
  19  1:31  Assimilator  
  20  1:37  Probe (Chrono Boost)  
  20  1:39  Pylon  
  21  1:47  Probe (Chrono Boost)  
  22  1:58  Probe (Chrono Boost)  
  22  2:00  Cybernetics Core  
  24  2:08  Probe (Chrono Boost)  
  24  2:11  Probe (Chrono Boost)  
  25  2:19  Probe (Chrono Boost)  
  25  2:22  Probe (Chrono Boost)  
  27  2:29  Probe (Chrono Boost)  
  28  2:32  Probe (Chrono Boost)  
  28  2:36  Stargate  
  29  2:37  Adept (Chrono Boost)  
  29  2:38  Probe, Warp Gate (Chrono Boost)  
  29  2:43  Probe  
  33  2:49  Probe  
  34  2:55  Probe  
  34  2:56  Pylon  
  35  2:59  Probe  
  35  3:01  Adept (Chrono Boost)  
  38  3:07  Probe (Chrono Boost)  
  38  3:11  Probe (Chrono Boost)  
  40  3:16  Pylon  
  40  3:18  Probe (Chrono Boost), Oracle (Chrono Boost)  
  44  3:21  Gateway  
  44  3:23  Probe  
  44  3:26  Gateway  
  45  3:28  Probe  
  45  3:32  Adept  
  48  3:35  Probe  
  48  3:39  Assimilator  
  48  3:40  Probe  
  50  3:46  Oracle  
  50  3:47  Probe  
  51  3:50  Pylon  
  51  3:52  Probe  
  55  4:01  Mothership Core  
  57  4:04  Probe  
  58  4:11  Nexus  
  58  4:14  Pylon  
  58  4:16  Probe  
  59  4:18  Assimilator  
  59  4:23  Probe  
  59  4:24  Phoenix  
  60  4:28  Probe  
  63  4:35  Probe  
  64  4:40  Probe  
  64  4:42  Robotics Facility  
  65  4:46  Adept x3  
  65  4:47  Probe  
  65  4:52  Probe  
  73  4:59  Probe  
  74  5:01  Pylon  
  74  5:02  Twilight Council  
  74  5:03  Forge  
  74  5:04  Probe  
  75  5:11  Probe  
  76  5:16  Probe  
  77  5:22  Probe  
  77  5:23  Probe, Sentry x3  
  77  5:26  Assimilator  
  85  5:28  Assimilator  
  85  5:29  Probe  
  85  5:33  Probe  
  85  5:35  Probe  
  78  5:38  Protoss Ground Weapons Level 1 (Chrono Boost)  
  78  5:41  Probe  
  78  5:42  Observer (Chrono Boost)  
  80  5:45  Probe  
  80  5:46  Robotics Facility  
  80  5:47  Probe, Pylon  
  80  5:49  Charge  
  82  5:50  Pylon  
  82  5:53  Probe  
  82  5:55  Stalker  
  82  5:56  Zealot x2  
  89  5:57  Probe  
  89  5:59  Probe  
  89  6:04  Immortal (Chrono Boost)  
  90  6:05  Probe  
  90  6:09  Probe  
  96  6:11  Probe  
  96  6:15  Gateway  
  96  6:17  Probe  
  98  6:20  Gateway  
  98  6:21  Probe, Gateway  
  98  6:23  Probe  
  98  6:24  Templar Archives  
  100  6:30  Pylon  
  97  6:37  Immortal (Chrono Boost)  
  97  6:39  Immortal (Chrono Boost)  
  105  6:43  Gateway  
  105  6:44  Gateway  
  105  6:48  Pylon  
  105  6:50  Sentry x2  
  105  6:51  Zealot  
  111  7:01  Photon Cannon  
  111  7:10  Pylon  
  111  7:12  Immortal (Chrono Boost)  
  111  7:14  Immortal (Chrono Boost)  
  113  7:17  Zealot x2  
  113  7:18  Zealot x3  
  113  7:20  Protoss Ground Weapons Level 2  
  119  7:26  Pylon  
  117  7:31  Zealot  
  117  7:34  Probe x2  
  119  7:41  High Templar x2  
  119  7:42  Zealot  
  125  7:46  Immortal (Chrono Boost), Archon  
  125  7:48  Immortal (Chrono Boost)  
  123  7:51  Zealot x3  
  123  7:57  Gateway  
  127  8:07  Zealot  
  117  8:14  Zealot x4  
  121  8:20  Immortal (Chrono Boost)  
  121  8:22  Immortal (Chrono Boost)  
  121  8:26  Pylon  
  125  8:30  Zealot  
  122  8:35  Zealot x4  
  113  8:47  Probe x2  
  116  8:48  Probe  
  116  8:53  High Templar x2  
  116  8:55  Immortal (Chrono Boost)  
  122  8:57  Immortal (Chrono Boost), Archon  
  122  8:59  Probe  
  122  9:02  High Templar x2  
  119  9:03  Zealot  
  119  9:05  Mothership Core  
  119  9:06  Assimilator  
  119  9:08  Archon  
  111  9:15  Zealot  
  97  9:28  High Templar  
  97  9:29  Zealot, Immortal (Chrono Boost), High Templar  
  97  9:31  Immortal (Chrono Boost)  
  103  9:33  Archon  
  103  9:37  Zealot x2  
  99  9:43  Probe  
  98  9:52  Zealot x2  
  98  10:00  Zealot x2  
  98  10:01  Nexus  
  98  10:03  Immortal (Chrono Boost)  
  98  10:05  Immortal (Chrono Boost)  
  98  10:07  Zealot x2  
  95  10:15  High Templar x2  
  95  10:17  Probe x3, Assimilator  
  98  10:23  Zealot  
  98  10:25  Archon  
  100  10:32  Probe x2  
  100  10:33  Probe  
  103  10:37  Immortal (Chrono Boost)  
  103  10:38  Pylon  
  103  10:39  Sentry  
  103  10:41  Immortal (Chrono Boost)  
  113  10:59  Pylon, Sentry x2  
  113  11:00  Zealot  
  113  11:02  Zealot x2, Pylon  
  119  11:15  Immortal (Chrono Boost)  
  121  11:20  High Templar x2  
  121  11:25  Archon  
  124  11:26  Gateway  
  124  11:29  Gateway  
  118  11:37  Zealot x4  
  122  11:42  Probe x3  
  122  11:46  Probe  
  126  11:54  Probe  
  121  12:02  Zealot x5  
  121  12:05  Zealot  
Show
View Real Time Build Order
Export as new Build Order

Serral Zerg 

Build Orders: Hatch First 

Get SALT Encoding   

  12  0:00  Drone  
  13  0:12  Overlord  
  13  0:17  Drone  
  14  0:31  Drone x2  
  14  0:34  Drone  
  17  0:51  Hatchery  
  17  0:54  Drone  
  17  0:58  Drone  
  18  1:08  Extractor  
  17  1:12  Spawning Pool  
  17  1:15  Drone  
  17  1:19  Drone  
  18  1:28  Drone  
  19  1:39  Overlord  
  19  1:52  Drone  
  20  1:59  Queen  
  20  2:00  Zergling x2  
  23  2:03  Queen, Zergling x2  
  23  2:08  Metabolic Boost  
  26  2:10  Drone  
  26  2:14  Drone  
  28  2:23  Drone  
  28  2:25  Drone  
  30  2:36  Hatchery  
  29  2:38  Drone  
  30  2:44  Queen  
  30  2:49  Overlord  
  32  2:52  Drone  
  32  2:54  Drone  
  32  2:57  Drone  
  35  2:59  Drone  
  35  3:05  Overlord  
  36  3:07  Drone x2  
  36  3:10  Drone  
  36  3:12  Drone  
  39  3:14  Drone  
  39  3:17  Drone  
  39  3:18  Drone  
  42  3:23  Queen  
  42  3:26  Drone  
  45  3:29  Drone  
  46  3:34  Spore Crawler, Drone x2  
  46  3:39  Overlord  
  46  3:41  Drone  
  48  3:44  Spore Crawler  
  47  3:50  Queen  
  47  3:51  Drone x2  
  51  3:56  Drone x2  
  51  3:58  Overlord  
  51  4:01  Drone x2  
  55  4:06  Spore Crawler, Overlord  
  54  4:11  Lair  
  54  4:12  Drone  
  54  4:14  Drone  
  54  4:15  Drone  
  57  4:17  Drone  
  57  4:18  Drone  
  57  4:21  Drone  
  60  4:24  Extractor, Overlord  
  60  4:25  Extractor  
  60  4:27  Zergling x4  
  60  4:31  Overlord  
  60  4:32  Drone  
  60  4:37  Overlord  
  61  4:41  Zergling x8  
  61  4:43  Drone  
  61  4:45  Extractor  
  65  4:49  Overlord  
  65  4:50  Drone x3  
  65  4:52  Extractor  
  67  4:54  Extractor, Overlord  
  67  4:58  Drone x3  
  70  5:02  Zergling x2  
  70  5:05  Zergling x6  
  74  5:10  Zergling x4  
  74  5:11  Zergling x2, Hydralisk Den  
  76  5:17  Overlord  
  76  5:21  Overlord  
  73  5:37  Drone  
  73  5:38  Drone x2  
  73  5:40  Drone  
  73  5:42  Muscular Augments  
  72  5:43  Hydralisk  
  72  5:44  Hydralisk x5  
  84  5:51  Hydralisk x2  
  88  5:57  Hydralisk x2  
  88  6:01  Hydralisk  
  93  6:07  Hydralisk x2  
  97  6:12  Hydralisk x2  
  97  6:18  Hydralisk x2  
  105  6:27  Hydralisk x3  
  111  6:34  Overlord  
  111  6:36  Hydralisk x2  
  115  6:41  Overlord  
  115  6:44  Hydralisk x2  
  119  6:55  Hydralisk x3  
  125  7:01  Hydralisk x2  
  125  7:06  Hydralisk x2  
  130  7:17  Hydralisk x3  
  130  7:18  Hydralisk  
  133  7:29  Hydralisk x3  
  122  7:38  Hydralisk x3  
  117  7:53  Hydralisk x4  
  117  7:57  Zergling x2  
  117  7:58  Zergling x12  
  128  8:11  Hydralisk x3  
  128  8:12  Zergling x6  
  129  8:18  Hydralisk x2  
  129  8:19  Zergling x2  
  124  8:29  Hydralisk x3  
  124  8:30  Zergling x2  
  124  8:31  Zergling x2, Overlord  
  124  8:36  Hydralisk, Zergling x2  
  124  8:37  Zergling x2  
  124  8:40  Zergling x4  
  118  8:45  Zergling x6  
  115  8:51  Hydralisk  
  115  8:52  Hydralisk  
  117  9:00  Hydralisk x2  
  117  9:01  Zergling x6  
  116  9:06  Hydralisk x2  
  112  9:12  Zergling x6  
  112  9:15  Hydralisk  
  112  9:21  Hydralisk  
  104  9:24  Zergling x2  
  104  9:25  Zergling x6  
  104  9:29  Hydralisk  
  108  9:36  Hydralisk x2  
  101  9:39  Hydralisk  
  100  9:51  Hydralisk x3  
  101  10:02  Hydralisk  
  101  10:03  Hydralisk x3  
  96  10:08  Hydralisk x2  
  96  10:11  Hydralisk  
  93  10:15  Hydralisk  
  93  10:19  Hydralisk  
  94  10:22  Hydralisk  
  94  10:24  Hydralisk  
  94  10:27  Hydralisk  
  98  10:30  Hydralisk  
  100  10:38  Hydralisk  
  100  10:39  Hydralisk x2  
  106  10:44  Hydralisk  
  106  10:45  Hydralisk  
  110  10:51  Hydralisk x2  
  114  10:57  Hydralisk x2  
  114  11:01  Overseer  
  118  11:04  Hydralisk  
  112  11:15  Hydralisk x3  
  112  11:16  Hydralisk  
  118  11:26  Hydralisk x4  
  112  11:33  Hydralisk  
  112  11:34  Hydralisk  
  112  11:38  Hydralisk  
  112  11:39  Hydralisk  
Tags
 
Add a new tag
Caveats
  • Supply blocks, unpowered buildings, or Contaminate may cause inaccurate times.
  • Supply counts are checked every 10 seconds.